 Dungeon Crawl Stone Soup version 0.30.1-11-g7821555f0a (webtiles) character file.

Game seed: 14117461744880674303

755 lonewolfV2 the Chopper (level 8, -3/64 HPs)
             Began as a Formicid Fighter on Nov 28, 2023.
             Was an Initiate of the Shining One.
             Slain by Blork the orc
             ... wielding a +1 heavy halberd
              (20 damage)
             ... on level 5 of the Dungeon.
             The game lasted 00:08:08 (4162 turns).

lonewolfV2 the Chopper (Formicid Fighter)           Turns: 4162, Time: 00:08:08

Health: -3/64      AC: 14    Str: 21    XL:     8   Next: 7%
Magic:  8/8        EV:  6    Int:  8    God:    the Shining One [......]
Gold:   159        SH:  5    Dex: 15    Spells: 7/7 levels left

rFire   . . .        a - +1 war axe
rCold   . . .        c - +0 buckler
rNeg    . . .        r - +0 plate armour
rPois   .            (helmet unavailable)
rElec   .            p - +0 cloak
rCorr   .            (no gloves)
SInv    +            n - +0 pair of boots
Will    .....        (no amulet) Stlth
                     (no ring)
HPRegen 0.30/turn    (no ring)
MPRegen 0.11/turn

%: no passive effects
@: mighty, glowing
A: permanent stasis, dig shafts and tunnels, antennae 3, four strong arms
a: Dig, Shaft Self, Renounce Religion


You were on level 5 of the Dungeon.
You worshipped the Shining One.
The Shining One was noncommittal.
You visited 1 branch of the dungeon, and saw 5 of its levels.

You collected 159 gold pieces.

Inventory:

Hand Weapons
 a - a +1 war axe (weapon)
Armour
 b - a +0 scale mail
 c - a +0 buckler (worn)
 n - a +0 pair of boots (worn)
 p - a +0 cloak (worn)
 r - a +0 plate armour (worn)
Scrolls
 h - 2 scrolls of amnesia
 l - a scroll of silence
 m - 2 scrolls of identify
 s - a scroll of butterflies {unknown}
Potions
 d - 2 potions of might
 e - 2 potions of heal wounds
 f - 5 potions of curing
 g - a potion of magic
 i - a potion of attraction
 j - a potion of ambrosia
 k - a potion of cancellation {unknown}
 o - a potion of brilliance
 q - a potion of berserk rage


   Skills:
 - Level 6.1 Fighting
 - Level 6.1 Axes
 + Level 4.2 Armour
 + Level 5.2 Shields


You had 7 spell levels left.
You didn't know any spells.
Your spell library contained the following spells:

 Spells                   Type           Power      Damage    Failure   Level
 Lesser Beckoning         Tloc           0%         N/A       100%        2
 Gell's Gravitas          Tloc           0%         N/A       100%        3
 Teleport Other           Tloc           0%         N/A       100%        3


Dungeon Overview and Level Annotations

Branches:
Dungeon (5/15)
 Temple: D:4-7

Altars:
Dithmenos
Hepliaklqana
Sif Muna
Trog
Uskayaw
Xom
Yredelemnul
The Shining One

Shops:
D:5 !

Annotations:
D:4 1 runed translucent door
D:5 Blork the orc


Innate Abilities, Weirdness & Mutations

You cannot be hasted, slowed, berserked, paralysed or teleported.
You can dig through walls and to a lower floor.
You have a pair of large antennae on your head. (SInv)
Your four strong arms can wield two-handed weapons with a shield.


Message History

There is an entrance to Tafrits's Distillery here.
Found an escape hatch in the floor.
You sense a monster nearby.
An iguana comes into view.
The iguana hisses angrily.
You hear a shout!
An iguana is nearby!
An iguana is nearby!
Blork the orc comes into view.
He is wielding a +1 heavy halberd.
Blork the orc mumbles some strange words.
Blork the orc seems to speed up.
The iguana barely misses you.
You hit the iguana but do no damage.
Blork the orc hits you from afar with a +1 heavy halberd!
The iguana bites you!
The iguana bites you but does no damage.
You slash the iguana!
The iguana is severely wounded.
Blork the orc hits you from afar with a +1 heavy halberd!
The iguana bites you!
Blork the orc hits you from afar with a +1 heavy halberd!
* * * LOW HITPOINT WARNING * * *
You slash the iguana!
You kill the iguana!
You block Blork the orc's attack.
You feel much better.
Blork the orc hits you but does no damage.
You feel very mighty all of a sudden.
Blork the orc hits you from afar with a +1 heavy halberd.
Blork the orc gestures at you while chanting.
The magic dart hits you but does no damage.
You hit Blork the orc.
Blork the orc is moderately wounded.
Blork the orc hits you with a +1 heavy halberd!
* * * LOW HITPOINT WARNING * * *
You completely miss Blork the orc.
Blork the orc is moderately wounded.
Blork the orc gestures at you while chanting.
You block the puff of flame.
Blork the orc hits you with a +1 heavy halberd!!
You die...

#.≈≈≈≈§.# #.≈§≈≈≈.#
#§.≈≈≈..# ##.....##
#### ##########.......
##...##.##....##..##...
#........#....#...##.#.
#....?...##.......#..#.
#..o@.....##.........
#..........####..####.
#...........# #.<# #..
#................##...
####..........+#######
#....>.....#
#.......#...# {
#.......#...#


You could see Blork the orc (fast).

Vanquished Creatures
  An ice beast (D:5)
  A black bear (D:5)
  A bullfrog (D:4)
  The ghost of Linnx the Stinger, an amateur SpVM (D:4)
  4 hounds
  Crazy Yiuf (D:3)
  3 iguanas (D:5)
  A scorpion zombie (D:4)
  A hound zombie (D:4)
  8 adders
  3 gnolls (D:3)
  A river rat (D:4)
  3 worms
  2 dart slugs
  3 orcs (D:3)
  6 bats
  4 endoplasms
  2 giant cockroaches
  2 goblins
  5 hobgoblins
  6 kobolds
  3 quokkas
  9 ball pythons
  2 frilled lizards (D:3)
  5 rats
78 creatures vanquished.

Notes
Turn   | Place    | Note
-------+----------+-------------------------------------------
     0 | D:1      | lonewolfV2 the Formicid Fighter began the quest for the
                  | Orb.
     0 | D:1      | Reached XP level 1. HP: 18/18 MP: 1/1
   123 | D:1      | Reached XP level 2. HP: 23/24 MP: 2/2
   447 | D:1      | Reached XP level 3. HP: 28/30 MP: 3/3
   943 | D:2      | Found a glowing golden altar of the Shining One.
  1010 | D:2      | Became a worshipper of the Shining One
  1169 | D:2      | Reached XP level 4. HP: 25/37 MP: 4/4
  1718 | D:3      | Reached XP level 5. HP: 24/42 MP: 5/5
  2278 | D:3      | Found a hide-covered altar of Uskayaw.
  2317 | D:3      | Found a runed translucent door.
  2318 | D:3      | Noticed Crazy Yiuf
  2412 | D:3      | Found a shadowy altar of Dithmenos.
  2468 | D:3      | Found a bloodstained altar of Trog.
  2472 | D:3      | Found a hazy altar of Hepliaklqana.
  2476 | D:3      | Found a shimmering altar of Xom.
  2537 | D:3      | Killed Crazy Yiuf
  2634 | D:4      | Reached XP level 6. HP: 43/49 MP: 6/6
  2687 | D:4      | Found a shimmering blue altar of Sif Muna.
  2842 | D:4      | Reached skill level 5 in Axes
  2885 | D:4      | Found a runed translucent door.
  2894 | D:4      | Noticed Linnx's ghost (amateur SpVM)
  2924 | D:4      | Reached skill level 5 in Fighting
  2936 | D:4      | Found a basalt altar of Yredelemnul.
  2961 | D:4      | Found a runed translucent door.
  2981 | D:4      | Reached XP level 7. HP: 50/56 MP: 7/7
  2994 | D:4      | Killed Linnx's ghost
  3659 | D:5      | Entered Level 5 of the Dungeon
  4061 | D:5      | Reached skill level 5 in Shields
  4061 | D:5      | Reached XP level 8. HP: 48/64 MP: 8/8
  4125 | D:5      | Found Tafrits's Distillery.
  4152 | D:5      | Noticed Blork the orc
  4162 | D:5      | Slain by Blork the orc

Illustrated notes

Levels and vault maps discovered:
D:1:      mainiacjoe_arrival_reflecting_pool, layout_loops_ring,
          nicolae_wormholes
D:2:      layout_loops_ring, basic_altar, serial_rivers,
          chequers_serial_rivers_micro_e, chequers_serial_rivers_micro_a,
          chequers_serial_rivers_large_a, chequers_serial_rivers_small_a
D:3:      layout_loops_cross, grunt_dithmenos_smoke, nicolae_uskayaw_suspiria,
          grunt_temple_overflow_diamond, uniq_crazy_yiuf_cottage
D:4:      layout_gridville, nicolae_sif_muna_condensation,
          lemuel_zombie_altar_yredelemnul, ebering_ghost_sewer_f
D:5:      cheibrodos_iron_armory, layout_cave_pools,
          nicolae_ru_great_annihilating_truth, serial_shops,
          nicolae_lakefront_shop, uniq_blork_the_orc

Skill      XL: |  1  2  3  4  5  6  7 |
---------------+----------------------+-----
Axes           | 3 4 5 6 |  6.1
Fighting       | 4 5 6 |  6.1
Armour         | 4 |  4.2
Shields        | 5 |  5.2

Action                     |  1- 3 |  4- 6 |  7- 9 || total
---------------------------+-------+-------+-------++-------
  Melee: War axe           |   104 |   130 |    48 ||   282
Ability: Dig               |       |     1 |       ||     1
    Use: Scroll            |     5 |     7 |     3 ||    15
         Potion            |       |       |     2 ||     2
 Armour: Scale mail        |    62 |    52 |    19 ||   133
         Plate armour      |       |       |     4 ||     4
  Dodge: Dodged            |    74 |    62 |    27 ||   163
  Block: Buckler           |    37 |    22 |    16 ||    75
